 Dungeon Crawl Stone Soup version 0.17-a0-26-g7f25774 (webtiles) character file.

523 Vlagh999 the Spear-Bearer (level 7, -20/43 HPs)
             Began as an Imp Gladiator on July 22, 2015.
             Was a Follower of Qazlal.
             Demolished by an ogre
             ... wielding a +0 giant spiked club
              (28 damage)
             ... on level 5 of the Dungeon.
             The game lasted 00:19:16 (3321 turns).

Vlagh999 the Spear-Bearer (Imp Gladiator)           Turns: 3321, Time: 00:19:16

Health: -20/43     AC:  2    Str: 14    XL:     7   Next: 2%
Magic:  7/7        EV: 21    Int:  9    God:    Qazlal [*.....]
Gold:   91         SH:  0    Dex: 17    Spells: 0 memorised, 6 levels left

rFire  + . .     SeeInvis .     w - +7 dagger of Goeniz {flame, rElec}
rCold  x . .     Clarity  .     b - +0 animal skin
rNeg   + + +     SustAb   .     (shield restricted)
rPois  ∞         Gourm    .     c - +0 hat
rElec  +         Spirit   .     (no cloak)
rCorr  .         Warding  .     (gloves unavailable)
rMut   .         Rnd*Tele +     (boots unavailable)
MR     +....                    (no amulet)
Stlth  +.........               (no ring)
                                i - ring of protection from magic

@: confused, flying, very slightly contaminated, hasted, very quick, somewhat
resistant to hostile enchantments, very unstealthy
A: unfitting armour, blink 2, fire resistance 1, negative energy resistance 3,
regeneration 1, screaming 3, teleportitis 2, torment resistance, cold
vulnerability 1
a: Blink, Renounce Religion


You were on level 5 of the Dungeon.
You worshipped Qazlal.
Qazlal was aware of your devotion.
You were not hungry.

You visited 2 branches of the dungeon, and saw 6 of its levels.

You collected 91 gold pieces.

Inventory:

Hand weapons
 a - a +0 trident
 w - the +7 dagger of Goeniz (weapon) {flame, rElec}
   (You found it on level 4 of the Dungeon)

   It has been specially enchanted to burn those struck by it, causing extra
   injury to most foes and up to half again as much damage against particularly
   susceptible opponents.
   It insulates you from electricity.
Missiles
 e - 6 poisoned needles
Armour
 b - a +0 animal skin (worn)
 c - a +0 hat (worn)
Jewellery
 i - a ring of protection from magic (left hand)
Scrolls
 j - 5 scrolls of remove curse {unknown}
 z - a scroll of enchant weapon {unknown}
Potions
 k - a potion of restore abilities {unknown}
 n - a potion of haste
 o - a potion of magic {unknown}
 p - a potion of curing {unknown}
 q - a potion of ambrosia
 v - a potion of heal wounds {unknown}
Comestibles
 f - 3 bread rations
 g - 4 meat rations
 l - a royal jelly
 m - 4 chunks of flesh
 u - a beef jerky


   Skills:
 + Level 4.3 Fighting
 - Level 8.1 Polearms
 - Level 2.1 Throwing
 + Level 5.6 Dodging


You had 6 spell levels left.
You didn't know any spells.

Dungeon Overview and Level Annotations

Branches:
Dungeon (5/15)             Temple (1/1) D:4

Altars:
Cheibriados
Dithmenos
Elyvilon
Fedhas
Gozag
Kikubaaqudgha
Makhleb
Nemelex Xobeh
Okawaru
Qazlal
Ru
Trog
Vehumet
Xom
Yredelemnul
Zin
The Shining One


Innate Abilities, Weirdness & Mutations

You are immune to poison.
You are tiny and cannot use many weapons and most armour.
You are good at translocating small distances at will.
Your flesh is heat resistant.
You are immune to negative energy.
Your natural rate of healing is unusually fast.
You frequently scream uncontrollably at your foes.
Space sometimes distorts in your vicinity.
You are immune to unholy pain and torment.
You are vulnerable to cold.


Message History

You barely miss the ogre. Something closely misses you.
You bump into the rock wall.
The ogre hits you with a giant spiked club!
* * * LOW HITPOINT WARNING * * *
The orc priest mumbles some strange prayers to Beogh against you.
You are unaffected.
Something hits you but does no damage.
You're too confused to move!
You see here a jackal corpse.
You closely miss the orc priest. The orc priest hits you with a mace.
* * * LOW HITPOINT WARNING * * *
The orc priest completely misses you. Something hits you.
* * * LOW HITPOINT WARNING * * *
The ogre completely misses you.
You bump into the rock wall.
The orc priest closely misses you.
The orc priest mumbles some strange prayers to Beogh against you.
You easily resist.
Something closely misses you.
You bump into the rock wall.
The ogre hits you with a giant spiked club!!
Ouch! That really hurt!
You die...

,,**,,,,,,,* #......###.,,,,,,*,*
,<,*,****#>**#...........******,*
**,*,**###...##......##,,,,,,**,,
**,*,**......hh.......#,,***,****
**,*,,,......###.....$#..***,*
**,*,***##.#**##.........,**,*
**,*,* #,* #..........,**,*
,,,*,* *,* #oOo...##.,,,,,*
****,* *,* #{@....#***,****
*,*****,####†######,,,,,,*
*,,,,,,,#.......# *,**,*,*
****,***#.......# *,**,*,* *,,*
#.......# *,**,*,* *,** #.......#
*,**,*,* *,* #.......# *,**,*,*
*,* #.......# *,,,,,,* *,*
#.......# ****,***


You could see an ogre and 2 orc priests.

Vanquished Creatures
  An ogre (D:5)
  A centaur (D:5)
  2 scorpions (D:4)
  2 hounds (D:4)
  2 worker ants (D:4)
  6 adders
  A giant mite (D:4)
  5 worms
  3 giant geckos
  2 oozes
  5 orcs
  A bat zombie (D:5)
  6 hobgoblins
  12 jackals
  A quokka (D:3)
  4 ball pythons
  3 bats
  3 giant cockroaches
  5 giant newts
  8 goblins
  12 kobolds
  A quokka skeleton (D:4)
  11 rats
97 creatures vanquished.

Notes
Turn   | Place    | Note
--------------------------------------------------------------
     0 | D:1      | Vlagh999, the Imp Gladiator, began the quest for the Orb.
     0 | D:1      | Reached XP level 1. HP: 13/13 MP: 1/1
   197 | D:1      | Reached XP level 2. HP: 18/18 MP: 2/2
   791 | D:2      | Reached skill level 5 in Polearms
   847 | D:2      | Reached XP level 3. HP: 20/22 MP: 3/3
  1037 | D:2      | Found an ancient bone altar of Kikubaaqudgha.
  1089 | D:2      | Reached XP level 4. HP: 27/27 MP: 4/4
  1104 | D:2      | Reached skill level 6 in Polearms
  2213 | D:4      | Reached skill level 7 in Polearms
  2213 | D:4      | Reached XP level 5. HP: 13/31 MP: 5/5
  2326 | D:4      | Noticed a moth of wrath
  2327 | D:4      | Found a bloodstained altar of Trog.
  2453 | D:4      | Found a staircase to the Ecumenical Temple.
  2458 | Temple   | Entered the Ecumenical Temple
  2504 | Temple   | Became a worshipper of Qazlal Stormbringer
  2533 | D:4      | Reached skill level 8 in Polearms
  2553 | D:4      | Reached XP level 6. HP: 30/36 MP: 6/6
  2615 | D:4      | Found a shimmering altar of Xom.
  2629 | D:4      | Got a twisted dagger
  2630 | D:4      | Identified the +7 dagger of Goeniz {flame, rElec} (You found it on level 4 of the Dungeon)
  3257 | D:5      | Entered Level 5 of the Dungeon
  3287 | D:5      | Reached skill level 5 in Dodging
  3288 | D:5      | Acquired Qazlal's first power
  3290 | D:5      | Found a white marble altar of Elyvilon.
  3296 | D:5      | Gained mutation: Your flesh is heat resistant. [demonic growth]
  3296 | D:5      | Gained mutation: You are vulnerable to cold. [demonic growth]
  3296 | D:5      | Reached XP level 7. HP: 14/43 MP: 7/7
  3321 | D:5      | Demolished by an ogre

Action                   |  1- 3 |  4- 6 |  7- 9 || total
-------------------------+-------+-------+-------++-------
Melee: Trident           |   126 |   166 |       ||   292
       Dagger            |       |    53 |     7 ||    60
Throw: Throwing net      |       |    10 |       ||    10
 Abil: Blink             |       |     3 |       ||     3
Evoke: Wand              |       |     6 |       ||     6
  Use: Scroll            |       |     8 |       ||     8
       Potion            |       |     1 |     3 ||     4
 Stab: Sleeping          |     1 |     3 |       ||     4
       Held in net/web   |       |     2 |       ||     2
  Eat: Chunk             |     1 |     7 |       ||     8
